 Dungeon Crawl Stone Soup version 0.19.1 (webtiles) character file.

119 Dfrag the Conjurer (level 5, 8/42 HPs)
             Began as a Naga Conjurer on Nov 29, 2016.
             Was an Initiate of Vehumet.
             Quit the game on level 3 of the Dungeon.
             The game lasted 00:03:00 (1532 turns).

Dfrag the Conjurer (Naga Conjurer)                  Turns: 1532, Time: 00:03:01

Health: 8/42       AC:  3    Str: 10    XL:     5   Next: 3%
Magic:  8/11       EV: 10    Int: 16    God:    Vehumet [......]
Gold:   92         SH:  0    Dex: 12    Spells: 2 memorised, 9 levels left

rFire  . . .     SeeInvis +     s - +0 dagger (elec)
rCold  . . .     Gourm    .     a - +0 robe
rNeg   . . .     Faith    .     (no shield)
rPois  +         Spirit   .     (no helmet)
rElec  .         Reflect  .     f - +0 cloak
rCorr  .         Harm     .     (no gloves)
MR     .....                    (no barding)
Stlth  ++........               (no amulet)
                                (no ring)
                                (no ring)

@: very slow
A: see invisible, deformed body, poison resistance, slowness 2, slow metabolism
1, spit poison 1, AC +1
a: Spit Poison, Renounce Religion


You were on level 3 of the Dungeon.
You worshipped Vehumet.
Vehumet was noncommittal.
You were hungry.

You visited 1 branch of the dungeon, and saw 3 of its levels.

You collected 92 gold pieces.

Inventory:

Hand Weapons
 n - a +1 dagger of speed
 s - a +0 dagger of electrocution (weapon)
Armour
 a - a +0 robe (worn)
 f - a +0 cloak (worn)
Jewellery
 o - an uncursed amulet of faith
 q - an uncursed ring of ice
Scrolls
 l - 3 scrolls of remove curse
Potions
 e - a potion of mutation {unknown}
 i - a potion of brilliance {unknown}
 m - a potion of might {unknown}
 r - a potion of berserk rage {unknown}
Books
 b - a book of Conjurations

   Spells                             Type                      Level
   a - Magic Dart                     Conjuration                  1
   b - Searing Ray                    Conjuration                  2
   c - Dazzling Spray                 Conjuration/Hexes            3
   d - Fulminant Prism                Conjuration/Hexes            4
   e - Iskenderun's Mystic Blast      Conjuration                  4
   f - Iskenderun's Battlesphere      Conjuration/Charms           5
Comestibles
 c - 4 bread rations
 d - 3 fruits
 h - 2 beef jerkies
 p - a meat ration


   Skills:
 - Level 1.5 Dodging
 - Level 3.0 Stealth
 * Level 4.0 Spellcasting
 + Level 4.7 Conjurations


You had 9 spell levels left.
You knew the following spells:

 Your Spells              Type           Power        Failure   Level  Hunger
a - Magic Dart            Conj           ###.         2%          1    None
b - Searing Ray           Conj           ###...       4%          2    ##.....


Dungeon Overview and Level Annotations

Branches:
Dungeon (3/15)

Altars:
Vehumet
The Shining One

Annotations:
D:3 GrittyGramps's ghost, amateur OgGl


Innate Abilities, Weirdness & Mutations

You cannot wear boots.
Your serpentine skin is tough. (AC +1)
You have supernaturally acute eyesight. (SInv)
Armour fits poorly on your strangely shaped body.
Your system is resistant to poisons. (rPois)
You cover ground very slowly.
You have a slow metabolism.
You can spit poison.


Message History

As you read the scroll labeled EFUUFR FAIGYCYCH, it crumbles to dust.
You hear a loud clanging noise!
It was a scroll of noise.
You hear a shout!
GrittyGramps's ghost misses you.
Okay, then.
Unknown command.
As you read the scroll labeled VAS KYJABAE, it crumbles to dust.
It is a scroll of amnesia.
Forget which spell ([?*] list [ESC] exit)?
Forget which spell ([?*] list [ESC] exit)?
Okay, then.
GrittyGramps's ghost hits you!
Unknown command.
Unknown command.
GrittyGramps's ghost hits you!
There is an open door here.
GrittyGramps's ghost hits you!
* * * LOW HITPOINT WARNING * * *
Are you sure you want to abandon this character and quit the game? (Confirm with "yes".)

*,,,,*#.......#########.#
+,,,,*#.......# #.#
*,,,,*#.......# #.#
,,,,,*#.......# #.#
,,,,,*#.......# #.#
,,,,**#.......# #)#
,,,,**#.......# #.#
,,,..##.......#########.######
,,,....†......'W@............#
,,,...........#########.##.###
,,,...$.................##.#
,,,.....######.#######..##.#
,,,.....******...,,,,#..##.#
,,,....,,,,,,,####**,#..##.#
,,,...,,,,,,,,* *,#..##.#
,,,...*,,,,,,,* *,#..##.#
,,,,,**,,,,,,,******,#..##.###


You could see GrittyGramps's ghost.

Vanquished Creatures
  2 orc wizards (D:3)
  An adder (D:3)
  A worm (D:2)
  A leopard gecko (D:2)
  2 orcs (D:3)
  8 bats
  4 giant cockroaches (D:1)
  7 goblins
  4 hobgoblins
  8 kobolds
  A frilled lizard (D:1)
  5 rats
44 creatures vanquished.

Notes
Turn   | Place    | Note
-------+----------+-------------------------------------------
     0 | D:1      | Dfrag the Naga Conjurer began the quest for the Orb.
     0 | D:1      | Reached XP level 1. HP: 15/15 MP: 3/3
   198 | D:1      | Reached XP level 2. HP: 22/22 MP: 3/5
   569 | D:2      | Reached XP level 3. HP: 19/28 MP: 1/7
   640 | D:2      | Learned a level 2 spell: Searing Ray
   900 | D:2      | Found a radiant altar of Vehumet.
   995 | D:2      | Became a worshipper of Vehumet
  1323 | D:2      | Found a glowing golden altar of the Shining One.
  1407 | D:3      | Reached XP level 4. HP: 36/36 MP: 4/9
  1518 | D:3      | Reached XP level 5. HP: 36/42 MP: 8/11
  1519 | D:3      | Noticed GrittyGramps's ghost (amateur OgGl)
  1532 | D:3      | Quit the game

Skill      XL: |  1  2  3  4 |
---------------+-------------+-----
Spellcasting   | 3 4 |  4.0
Dodging        | |  1.5
Stealth        | |  3.0
Conjurations   | |  4.7

Action                   |  1- 3 |  4- 6 || total
-------------------------+-------+-------++-------
Melee: Unarmed           |    14 |       ||    14
       Dagger            |     5 |     9 ||    14
 Cast: Magic Dart        |    55 |     5 ||    60
       Searing Ray       |     2 |       ||     2
 Abil: Spit Poison       |    17 |     2 ||    19
  Use: Scroll            |       |     5 ||     5
  Eat: Chunk             |     1 |     1 ||     2
Armor: Robe              |    10 |     1 ||    11
Dodge: Dodged            |    13 |     3 ||    16
